 Dungeon Crawl Stone Soup version 0.31-a0-848-gaac375c287 (webtiles) character file.

Game seed: 1837360321648436470

77 croobank the Sneak (level 4, -1/32 HPs)
             Began as an Octopode Delver on Oct 4, 2023.
             Slain by Pargi (2 damage)
             ... in a sewer.
             The game lasted 00:01:18 (103 turns).

croobank the Sneak (Octopode Delver)                 Turns: 103, Time: 00:01:19

Health: -1/32      AC:  1    Str: 11    XL:     4   Next: 34%
Magic:  4/4        EV: 13    Int: 14    God:
Gold:   10         SH:  0    Dex: 13    Spells: 3/3 levels left

rFire   . . .        a - +0 short sword
rCold   . . .        (no shield)
rNeg    . . .        (helmet restricted)
rPois   .            (no amulet)
rElec   .            (no ring)
rCorr   .            (no ring)
SInv    .            (no ring)
Will    .....        (no ring)
Stlth   +++++        (no ring)
HPRegen 0.25/turn    (no ring)
MPRegen 0.09/turn    (no ring)
                     (no ring)

%: no passive effects
@: hasted, very quick
A: almost no armour, amphibious, 8 rings, camouflage 1, gelatinous body 1,
nimble swimmer 1, tentacles
a: no special abilities


You were in a sewer.
You visited 1 branch of the dungeon, and saw 1 of its levels.
You also visited: Sewer.

You collected 10 gold pieces.

Inventory:

Hand Weapons
 a - a +0 short sword (weapon)
Wands
 f - a wand of digging (2)
Scrolls
 b - a scroll of fog
 d - a scroll of fear


   Skills:
 + Level 3.6 Fighting
 + Level 2.7 Short Blades
 + Level 2.8 Dodging
 + Level 7.2 Stealth


You had 3 spell levels left.
You didn't know any spells.
Your spell library contained the following spells:

 Spells                   Type           Power      Damage    Failure   Level
 Summon Lightning Spire   Summ/Air       0%         N/A       96%         4
 Lee's Rapid Deconstruct  Erth           0%         3d4*      100%        5
 Animate Armour           Summ/Erth      Unusable   N/A       N/A         4

Dungeon Overview and Level Annotations

Branches:
Dungeon (5/15)              Sewer (1/1)
 Temple: D:4-7

Altars:

Annotations:
Sewer Pargi


Innate Abilities, Weirdness & Mutations

You cannot wear most types of armour.
You are amphibious.
You can wear up to eight rings at the same time.
Your skin changes colour to match your surroundings (Stealth+).
Your rubbery body absorbs attacks. (AC +1, EV +1)
You are camouflaged when in or above water. (Stealth+)
You have tentacles for arms and can constrict up to eight enemies at once.


Message History

You impale the ball python!!
You kill the ball python!
Pargi shouts!
Pargi bites you. Pargi misses you. Pargi claws you.
You barely miss Pargi. You squeeze Pargi, but do no damage. Pargi bites you.
Pargi claws you. Pargi misses you.
You closely miss Pargi. You squeeze Pargi!
Pargi is moderately wounded.
Pargi bites you. Pargi claws you but does no damage. Pargi closely misses you.
You closely miss Pargi.
Pargi is moderately wounded.
Pargi barely misses you. Pargi misses you. Pargi closely misses you.
You feel yourself speed up. Pargi barely misses you. x2
Pargi completely misses you.
You hit Pargi.
Pargi is moderately wounded.
You barely miss Pargi.
Pargi is moderately wounded.
Pargi bites you. Pargi closely misses you. Pargi claws you.
You hit Pargi. Your squeeze misses Pargi.
Pargi is moderately wounded.
Pargi bites you. Pargi claws you.
* * * LOW HITPOINT WARNING * * *
Pargi claws you.
* * * LOW HITPOINT WARNING * * *
You hit Pargi.
Pargi is heavily wounded.
You hit Pargi.
Pargi is heavily wounded.
Pargi hisses, "I bite!"
Pargi barely misses you. Pargi closely misses you. Pargi claws you.
* * * LOW HITPOINT WARNING * * *
You barely miss Pargi. You squeeze Pargi!
Pargi is almost dead.
You barely miss Pargi.
Pargi is almost dead.
Pargi bites you.
* * * LOW HITPOINT WARNING * * *
Pargi claws you.
You die...

..##∩∩.##
##~≈≈≈≈≈≈≈≈##
#####
##.≈≈≈≈≈≈≈≈≈#
#.~~≈≈≈≈≈≈≈≈##
###..≈≈≈≈≈≈≈≈#
#..≈≈≈≈≈≈≈#
##.~≈≈≈≈≈##
##.≈≈≈≈≈≈##
##~≈≈≈≈≈≈≈#
#.@≈≈≈≈≈≈##
#T≈≈≈≈≈≈≈#
#~≈≈≈≈≈≈≈#
.≈≈≈≈≈≈≈##
#~≈≈≈≈≈≈≈#
~≈≈≈≈≈≈≈≈≈#
#.≈≈≈≈≈≈≈≈≈#
~≈≈≈≈≈≈≈≈≈##


You could see Pargi.

Vanquished Creatures
  A scorpion (D:5)
  An adder (Sewer)
  2 worms (D:5)
  2 ball pythons (Sewer)
  A giant cockroach (D:5)
  2 rats (D:5)
9 creatures vanquished.

Notes
Turn   | Place    | Note
-------+----------+-------------------------------------------
     0 | D:5      | croobank the Octopode Delver began the quest for the Orb.
     0 | D:5      | Reached XP level 1. HP: 16/16 MP: 1/1
     3 | D:5      | Noticed a scorpion
    11 | D:5      | Killed a scorpion
    12 | D:5      | Reached skill level 7 in Stealth
    12 | D:5      | Reached XP level 2. HP: 21/21 MP: 2/2
    12 | D:5      | Reached XP level 3. HP: 26/26 MP: 3/3
    48 | D:5      | Reached XP level 4. HP: 31/31 MP: 4/4
    66 | D:5      | Found a glowing drain.
    69 | Sewer    | Entered a sewer
    87 | Sewer    | Noticed Pargi
   103 | Sewer    | HP: 1/32 [Pargi (3)]
   103 | Sewer    | Slain by Pargi

Illustrated notes

Levels and vault maps discovered:
D:5:      layout_layer_cave, gup_sewer_entry_spiral, corexii_checkpoint_b
Sewer:    sewer_co_pargi_island

Skill      XL: |  1 |
---------------+----+-----
Stealth        | 7 |  7.2
Fighting       | |  3.6
Short Blades   | |  2.7
Dodging        | |  2.8

Action                     |  1- 3 |  4- 6 || total
---------------------------+-------+-------++-------
  Melee: Short sword       |     5 |    23 ||    28
         Tentacles         |     2 |     6 ||     8
         Constrict         |     1 |     1 ||     2
  Evoke: Wand              |     1 |       ||     1
    Use: Scroll            |     1 |       ||     1
         Potion            |       |     1 ||     1
   Stab: Sleeping          |     1 |     4 ||     5
 Armour: Skin              |       |    17 ||    17
  Dodge: Dodged            |     2 |    17 ||    19

Table legend: (Time is in decaauts)
 A = Elapsed time spent in this place.
 B = Non-inter-level travel time spent in this place.
 C = Inter-level travel time spent in this place.
 D = Time resting spent in this place.
 E = Time spent auto-exploring this place.
 F = Levels seen in this place.
 G = Mean time per level.
                   A        B        C        D        E       F      G
               +--------+--------+--------+--------+--------+-----+--------+
         Total |     97 |     97 |      0 |      0 |      2 |   2 |   48.5 |
       Dungeon |     67 |     67 |      0 |      0 |      0 |   1 |   67.0 |
         Sewer |     30 |     30 |      0 |      0 |      2 |   1 |   30.0 |
               +--------+--------+--------+--------+--------+-----+--------+

Top non-repeatable levels by time:
     D:5: 67 daAuts
   Sewer: 30 daAuts
